 Dungeon Crawl Stone Soup version 0.31.0-11-ge490571c62 (webtiles) character file.

Game seed: 14086383634758335271

828 Arcadio the Thaumaturge (level 7, -1/36 HPs)
             Began as a Deep Elf Conjurer on Jan 29, 2024.
             Slain by Duvessa
             ... wielding a +1 rapier of electrocution
              (8 damage)
             ... on level 5 of the Dungeon.
             The game lasted 00:05:46 (4375 turns).

Arcadio the Thaumaturge (Deep Elf Conjurer)         Turns: 4375, Time: 00:05:46

Health: -1/36      AC:  3    Str:  4    XL:     7   Next: 65%
Magic:  13/21      EV: 12    Int: 25    God:
Gold:   216        SH:  0    Dex: 13    Spells: 20/23 levels left

rFire   . . .        f - +0 dagger
rCold   . . .        (no shield)
rNeg    . . .        a - +0 robe
rPois   .            (no helmet)
rElec   .            (no cloak)
rCorr   .            g - +0 pair of gloves
SInv    +            (no boots)
Will    .....        (no amulet)
Stlth   ++           l - ring of see invisible
HPRegen 0.26/turn    (no ring)
MPRegen 0.17/turn

%: no passive effects
@: no status effects
A: no striking features
a: no special abilities


You were on level 5 of the Dungeon.
You visited 1 branch of the dungeon, and saw 5 of its levels.

You collected 216 gold pieces.

Inventory:

Hand Weapons
 f - a +0 dagger (weapon)
 q - the +10 hammer "Xangiv" {distort, rF+ rC+ rN+ Dex+2}
   (You found it on level 3 of the Dungeon)

   Dex+2:     It affects your dexterity (+2).
   rF+:       It protects you from fire.
   rC+:       It protects you from cold.
   rN+:       It protects you from negative energy.
Armour
 a - a +0 robe (worn)
 g - a +0 pair of gloves (worn)
Jewellery
 l - a ring of see invisible (left hand)
Scrolls
 e - 2 scrolls of revelation
 h - a scroll of silence {unknown}
 i - a scroll of butterflies {unknown}
 k - a scroll of blinking {unknown}
 n - 2 scrolls of poison {unknown}
 p - a scroll of teleportation {unknown}
 s - a scroll of amnesia {unknown}
Potions
 b - a potion of magic
 c - 2 potions of invisibility
 d - a potion of enlightenment
 j - a potion of heal wounds
 m - a potion of curing
 o - a potion of haste {unknown}
 r - a potion of attraction {unknown}
 t - a potion of cancellation {unknown}


   Skills:
 - Level 2.4 Dodging
 - Level 2.4 Stealth
 + Level 8.5 Spellcasting
 + Level 8.0 Conjurations


You had 20 spell levels left.
You knew the following spells:

 Your Spells              Type           Power      Damage    Failure   Level
a - Magic Dart            Conj           100%       1d8       1%          1
b - Searing Ray           Conj           100%       2d8       1%          2

Your spell library contained the following spells:

 Spells                   Type           Power      Damage    Failure   Level
 Necrotise                Necr           40%        1d6       6%          1
 Sublimation of Blood     Necr           10%        N/A       9%          2
 Fulminant Prism          Conj/Alch      15%        3d11      11%         4
 Iskenderun's Mystic Bla  Conj/Tloc      30%        2d8       11%         4
 Vampiric Draining        Necr           10%        2d6       17%         3
 Irradiate                Conj/Alch      15%        3d16      30%         5
 Martyr's Knell           Necr/Summ      10%        N/A       50%         4
 Petrify                  Alch/Erth      10%        N/A       50%         4
 Curse of Agony           Necr           10%        N/A       85%         5


Dungeon Overview and Level Annotations

Branches:
Dungeon (5/15)
 Temple: D:4-7

Altars:
Kikubaaqudgha

Shops:
D:4 =

Annotations:
D:5 Dowan, Duvessa


Message History

(Press . to maintain the ray.)
Casting: Searing Ray (safe; 1% risk of failure)
Confirm with . or Enter, or press ? or * to list all spells.
Restarting spell: Searing Ray (safe; 1% risk of failure)
Press: ? - help, Shift-Dir - straight line, f/p - Duvessa
Aim: Duvessa, wielding a +1 rapier of electrocution and wearing a +2 chain mail of fire resistance (moderately wounded, 90% to hit)
The searing ray hits Duvessa.
Duvessa is heavily wounded. (Press . to maintain the ray.)
The searing ray hits Duvessa.
Duvessa is heavily wounded.
The searing ray hits the dart slug.
The dart slug is heavily wounded.
Dowan, Brother of Duvessa comes into view.
He is wielding a +0 dagger.
The searing ray hits Duvessa.
Duvessa is heavily wounded.
Duvessa hits you with a +1 rapier of electrocution.
Casting: Searing Ray (safe; 1% risk of failure)
Confirm with . or Enter, or press ? or * to list all spells.
Restarting spell: Searing Ray (safe; 1% risk of failure)
Press: ? - help, Shift-Dir - straight line, f - Dowan, p - Duvessa
Aim: Dowan, wielding a +0 dagger and wearing a +0 robe (wandering, hasn't noticed you, 76% to hit)
The searing ray hits Duvessa but does no damage.
Duvessa is heavily wounded.
The searing ray hits the dart slug.
You kill the dart slug!
The searing ray hits Dowan!
Dowan is heavily wounded.
Dowan shouts! (Press . to maintain the ray.) Duvessa hits you with a +1 rapier of electrocution.
You are electrocuted!
Dowan casts a spell.
Dowan blinks!
The searing ray hits Duvessa but does no damage.
Duvessa is heavily wounded.
Duvessa hits you with a +1 rapier of electrocution.
* * * LOW HITPOINT WARNING * * *
You are electrocuted!
You die...

.#...#...#...#....#
..#
#..#.....#.....#
...#
###........###.#
..#..#..#.....#.# #
.#...#...#...#..#
#...#.#...###...#
#..#...#..# #..#
#.....### #.#
#....@# .# #....e#
# #.#...#. #...#.#
ยง. ...... ...
###### ####


You could see Duvessa.

Vanquished Creatures
  Grinder (D:3)
  An ogre (D:5)
  A scorpion (D:4)
  4 orc priests
  Crazy Yiuf (D:3)
  2 iguanas
  Natasha (thrice) (D:2)
  2 orc wizards
  9 adders
  2 dart slugs
  2 ribbon worms (D:4)
  18 orcs
  5 endoplasms
  2 giant cockroaches
  A goblin (D:3)
  5 hobgoblins
  4 jackals (D:3)
  4 quokkas
  3 ball pythons
  2 bats (D:3)
  2 frilled lizards
  2 kobolds (D:3)
  A rat (D:2)
77 creatures vanquished.

Notes
Turn   | Place    | Note
-------+----------+-------------------------------------------
     0 | D:1      | Arcadio the Deep Elf Conjurer began the quest for the Orb.
     0 | D:1      | Reached XP level 1. HP: 10/10 MP: 6/6
   909 | D:2      | Noticed Natasha
   917 | D:2      | Killed Natasha
   918 | D:2      | Reached XP level 2. HP: 14/15 MP: 0/9
   979 | D:2      | Learned a level 2 spell: Searing Ray
  1019 | D:2      | Noticed Natasha
  1022 | D:2      | Killed Natasha
  1023 | D:2      | Reached skill level 5 in Conjurations
  1023 | D:2      | Reached XP level 3. HP: 9/19 MP: 5/10
  1040 | D:2      | Noticed Natasha
  1046 | D:2      | Killed Natasha
  1047 | D:2      | Reached XP level 4. HP: 18/24 MP: 4/12
  1911 | D:3      | Noticed Grinder
  1925 | D:3      | Killed Grinder
  1926 | D:3      | Reached XP level 5. HP: 28/28 MP: 0/15
  1926 | D:3      | Reached XP level 6. HP: 32/32 MP: 0/17
  2294 | D:3      | Found a runed translucent door.
  2295 | D:3      | Noticed Crazy Yiuf
  2559 | D:3      | Found an ancient bone altar of Kikubaaqudgha.
  3046 | D:3      | Killed Crazy Yiuf
  3049 | D:3      | Identified the +10 hammer "Xangiv" {distort, rF+ rC+ rN+
                  | Dex+2}
  3375 | D:4      | Found Qeufra's Jewellery Emporium.
  3453 | D:4      | Reached XP level 7. HP: 36/36 MP: 14/20
  3955 | D:5      | Entered Level 5 of the Dungeon
  4369 | D:5      | Noticed Duvessa
  4372 | D:5      | Noticed Dowan
  4375 | D:5      | Slain by Duvessa

Illustrated notes

Levels and vault maps discovered:
D:1:      beargit_arrival_greenhouse, layout_basic, minmay_misc_feat_roman
D:2:      layout_basic, roderic_cross_of_infinity, uniq_natasha
D:3:      layout_rooms, nicolae_kikubaaqudgha_miasma_corner,
          corexii_item_surrounded_by_moat, minmay_misc_feat_cross, uniq_grinder,
          uniq_crazy_yiuf_cottage
D:4:      layout_cave_pools, serial_shops, shop, dk_noncrumbling_3,
          chequers_serial_rivers_small_a, minivault_14
D:5:      layout_basic, lemuel_crystal_altar, mainiacjoe_overflow_tiny_flanked,
          minmay_splitting_lines, nicolae_nh_ransacked_shop, uniq_duvessa

Skill      XL: |  1  2  3  4  5  6  7 |
---------------+----------------------+-----
Spellcasting   | 4 6 7 8 |  8.5
Conjurations   | 5 6 7 8 |  8.0
Dodging        | |  2.4
Stealth        | |  2.4

Action                     |  1- 3 |  4- 6 |  7- 9 || total
---------------------------+-------+-------+-------++-------
  Melee: Dagger            |     2 |     2 |       ||     4
   Cast: Magic Dart        |     9 |    16 |       ||    25
         Searing Ray       |     2 |    42 |    17 ||    61
    Use: Scroll            |       |       |     5 ||     5
   Stab: Sleeping          |     1 |       |       ||     1
 Armour: Robe              |     2 |    10 |     7 ||    19
  Dodge: Dodged            |     1 |    16 |     1 ||    18
